 Dungeon Crawl Stone Soup version 0.15.1-1-gfacfea3 (webtiles) character file.

65 Kex the Grasshopper (level 4, 0/34 HPs)
             Began as a Human Warper on Sept 24, 2014.
             Was an Initiate of Okawaru.
             Slain by an adder (2 damage)
             ... on Level 2 of the Dungeon.
             The game lasted 00:12:01 (3185 turns).

Kex the Grasshopper (Human Warper)                  Turns: 3185, Time: 00:12:01

HP   0/34        AC  4     Str 11      XL: 4   Next: 35%
MP   7/7         EV 11     Int 13      God: Okawaru [......]
Gold 111         SH  0     Dex 14      Spells:  2 memorised,  4 levels left

rFire  . . .     SeeInvis .     a - +0 falchion
rCold  . . .     Clarity  .     b - +0 leather armour
rNeg   . . .     rCorr    .     (no shield)
rPois  .         rRot     .     (no helmet)
rElec  .         Spirit   .     (no cloak)
SustAb +         Warding  .     k - +0 pair of gloves
rMut   .         Stasis   .     (no boots)
Gourm  .                        (no amulet)
MR     .....                    (no ring)
                                i - ring of sustain abilities

@: lethally poisoned, drained, not resistant to hostile enchantments, very
unstealthy
A: no striking features
a: Renounce Religion


You were on level 2 of the Dungeon.
You worshipped Okawaru.
Okawaru was noncommittal.
You were not hungry.

You visited 1 branch of the dungeon, and saw 3 of its levels.

You collected 111 gold pieces.

Inventory:

Hand weapons
 a - a +0 falchion (weapon)
Missiles
 e - 5 tomahawks of dispersal (quivered)
Armour
 b - a +0 leather armour (worn)
 k - a +0 pair of gloves (worn)
Comestibles
 s - 2 beef jerkies
Scrolls
 d - a scroll of blinking
 g - a scroll of enchant armour {unknown}
 l - a scroll of immolation {unknown}
 m - a scroll of identify {unknown}
 t - 2 scrolls of random uselessness {unknown}
Jewellery
 i - a ring of sustain abilities (left hand)
Potions
 h - a potion of heal wounds
 p - a potion of haste
Books
 c - a book of Spatial Translocations

   Spells                             Type                      Level
   *Apportation                       Translocation                1
   Blink                              Translocation                2
   *Shroud of Golubria                Charms/Translocation         2
   Portal Projectile                  Translocation                3
   Teleport Other                     Translocation                3
   Passage of Golubria                Translocation                4


   Skills:
 + Level 2.4(1.7) Fighting
 + Level 2.1(1.4) Long Blades
 - Level 1.0(0.3) Throwing
 + Level 2.0(1.2) Armour
 + Level 2.9(2.2) Dodging
 + Level 2.2(1.5) Spellcasting
 + Level 3.2(2.4) Translocations


You had 4 spell levels left.
You knew the following spells:

 Your Spells              Type           Power        Failure   Level  Hunger
a - Apportation           Tloc           #.........   12%         1    ##.....
b - Shroud of Golubria    Chrm/Tloc      #.........   24%         2    ###....


Dungeon Overview and Level Annotations

Branches:
Dungeon (3/15)

Altars:
Okawaru
Qazlal

Annotations:
D:3 germz's ghost, weakling FoFi


Message History

The adder bites you.
* * * LOW HITPOINT WARNING * * *
You are lethally poisoned!
The adder poisons you!
You barely miss the adder.
The adder is almost dead.
* * * LOW HITPOINT WARNING * * *
You feel sick. The adder bites you but does no damage. The adder misses you.
You hit the adder.
The adder is almost dead.
* * * LOW HITPOINT WARNING * * *
You feel sick. The adder bites you.
* * * LOW HITPOINT WARNING * * *
You are more poisoned.
The adder poisons you! The adder bites you but does no damage.
You closely miss the adder.
The adder is almost dead.
* * * LOW HITPOINT WARNING * * *
You feel sick. The adder bites you.
You die...

...##.##.........##.### #.#
...##)##....>..####.## #.#
...#..###.....## #>.# #.#
..)#.## ##...## ##.######.#
###[.######.#######......##(#
.........................##.#
#..########.#######......##.#
..## #####.###############.#
..# #........S@.># #.# ..#
#.###...####.### #.# .###
#....##>## #...# #.# ...#
####.....# ###.######.# ##.##
####..# #.....##.# ....# ####
#####.##.# ##### #.##.#
#....# ####.#


You could see an adder.

Vanquished Creatures
  Terence (D:2)
  An adder (D:1)
  A worm (D:2)
  2 giant geckos (D:1)
  3 orcs (D:3)
  2 giant cockroaches
  4 goblins
  4 hobgoblins
  A jackal (D:1)
  8 bats
  2 giant newts (D:2)
  3 kobolds (D:1)
  4 rats
36 creatures vanquished.

Notes
Turn   | Place    | Note
--------------------------------------------------------------
     0 | D:1      | Kex, the Human Warper, began the quest for the Orb.
     0 | D:1      | Reached XP level 1. HP: 16/16 MP: 3/3
   114 | D:1      | Reached XP level 2. HP: 6/22 MP: 4/4
  1080 | D:1      | Reached XP level 3. HP: 23/28 MP: 6/6
  1700 | D:2      | Found a stormy altar of Qazlal.
  1856 | D:2      | Found an iron altar of Okawaru.
  1865 | D:2      | Became a worshipper of Warmaster Okawaru
  2220 | D:2      | Noticed Terence
  2244 | D:2      | Killed Terence
  2244 | D:2      | Reached XP level 4. HP: 6/34 MP: 7/7
  2627 | D:3      | Noticed germz's ghost (weakling FoFi)
  2836 | D:2      | Learned a level 2 spell: Shroud of Golubria
  3185 | D:2      | Slain by an adder

Action                   |  1- 3 |  4- 6 || total
-------------------------+-------+-------++-------
Melee: Falchion          |   133 |    53 ||   186
 Cast: Apportation       |     1 |     1 ||     2
       Shroud of Golubri |       |     4 ||     4
  Use: Potion            |       |     3 ||     3
  Eat: Chunk             |     3 |     1 ||     4
       Pizza             |     1 |       ||     1
       Bread ration      |       |     1 ||     1
